 Dungeon Crawl Stone Soup version 0.28.0 (webtiles) character file.

Game seed: 9520966737862924520

375 dolemite99 the Digger (level 6, 0/41 HPs)
             Began as a Demonspawn Earth Elementalist on Feb 14, 2022.
             Was a Follower of Wu Jian.
             Succumbed to an adder's poison
             ... on level 4 of the Dungeon.
             The game lasted 00:05:08 (5277 turns).

dolemite99 the Digger (DsEE)                        Turns: 5277, Time: 00:05:08

Health: 0/41       AC:  3    Str:  9    XL:     6   Next: 44%
Magic:  1/9        EV: 11    Int: 18    God:    Wu Jian [*.....]
Gold:   99         SH:  0    Dex: 17    Spells: 5/9 levels left

rFire   . . .      SeeInvis .   v - +0 spear
rCold   . . .      Faith    .   (no shield)
rNeg    . . .      Spirit   .   l - +0 leather armour
rPois   .          Reflect  .   (no helmet)
rElec   .          Harm     .   (no cloak)
rCorr   .          Rampage  .   (no gloves)
Will    .....                   (no boots)
Stlth   ++++......              (no amulet)
HPRegen 0.13/turn               (no ring)
MPRegen 0.11/turn               (no ring)

@: mighty, lethally poisoned (0 -> -7)
A: thin skeletal structure 2, powered by death 1
a: Renounce Religion


You were on level 4 of the Dungeon.
You worshipped Wu Jian.
Wu Jian was aware of your devotion.
You visited 1 branch of the dungeon, and saw 4 of its levels.

You collected 99 gold pieces.

Inventory:

Hand Weapons
 d - a +0 whip
 e - a +0 dagger
 q - a +0 short sword
 v - a +0 spear (weapon)
 z - a +0 dagger
Missiles
 f - 11 arrows
 g - 56 sling bullets
 x - a throwing net
Armour
 b - a +0 robe
 l - a +0 leather armour (worn)
 t - a +0 ring mail
Scrolls
 a - 2 scrolls of identify {unknown}
 c - a scroll of amnesia {unknown}
 i - 2 scrolls of magic mapping {unknown}
 k - a scroll of noise {unknown}
 p - a scroll of teleportation {unknown}
 w - 2 scrolls of blinking {unknown}
 y - a scroll of fear {unknown}
 A - 2 scrolls of enchant weapon {unknown}
 C - a scroll of enchant armour {unknown}
Potions
 h - a potion of resistance {unknown}
 m - a potion of degeneration {unknown}
 n - a potion of attraction {unknown}
 o - a potion of ambrosia {unknown}
 r - a potion of might
 s - a potion of curing {unknown}
 u - a potion of haste {unknown}
 B - a potion of mutation {unknown}


   Skills:
 - Level 1.7 Dodging
 - Level 1.7 Stealth
 - Level 2.0 Spellcasting
 + Level 3.1 Conjurations
 - Level 0.8 Transmutations
 - Level 5.9 Earth Magic


You had 5 spell levels left.
You knew the following spells:

 Your Spells              Type           Power      Damage    Failure   Level
a - Stone Arrow           Conj/Erth      36%        3d9       12%         3
b - Sandblast             Erth           46%        2d11      2%          1

Your spell library contained the following spells:

 Spells                   Type           Power      Damage    Failure   Level
 Passwall                 Tmut/Erth      11%        N/A       10%         2
 Static Discharge         Conj/Air       7%         N/A       21%         2
 Freeze                   Ice            4%         1d3       26%         1
 Petrify                  Tmut/Erth      14%        N/A       54%         4
 Frozen Ramparts          Ice            2%         1d2       58%         3
 Swiftness                Air            1%         N/A       58%         3
 Hailstorm                Conj/Ice       7%         3d4       80%         4
 Iron Shot                Conj/Erth      9%         9d3       99%         6
 Statue Form              Tmut/Erth      9%         N/A       100%        6


Dungeon Overview and Level Annotations

Branches:
Dungeon (4/15)
 Temple: D:4-7

Altars:
Gozag
Wu Jian


Innate Abilities, Weirdness & Mutations

You have a moderately thin skeletal structure. (Dex +4, Stealth++)
You regenerate a little health from kills.


Message History

The adder bites you.
You barely miss the adder.
The adder is heavily wounded.
You feel sick. The ball python completely misses you.
The ball python constricts you. The adder barely misses you.
The ball python bites you but does no damage.
The ball python constricts you.
You closely miss the adder.
The adder is heavily wounded.
You feel sick.
You are no longer poisoned.
The adder barely misses you. The adder bites you.
You are poisoned.
The adder poisons you! The ball python barely misses you.
The ball python constricts you.
You miss the adder.
The adder is heavily wounded.
You feel sick. The adder bites you but does no damage.
The ball python bites you but does no damage.
The ball python constricts you.
* * * LOW HITPOINT WARNING * * *
It was a potion of cancellation.
You feel magically purged.
You feel sick. The adder closely misses you. The ball python bites you.
* * * LOW HITPOINT WARNING * * *
The ball python constricts you.
* * * LOW HITPOINT WARNING * * *
The adder bites you.
* * * LOW HITPOINT WARNING * * *
It was a potion of might.
You feel very mighty all of a sudden.
You feel sick. The ball python bites you.
* * * LOW HITPOINT WARNING * * *
The ball python constricts you. The adder bites you.
* * * LOW HITPOINT WARNING * * *
You are more poisoned.
The adder poisons you!
The ball python bites you but does no damage.
The ball python constricts you.
You escape the ball python's grasp.
You die...

.......>........
................
..)............
.............#
..............#
#..............#
#............SS# ######
#..............# #....#
#............@.# #....#
#..............# #.<..#
#..............# #....#
#....†.........#######....#
#.........#'####.....###'##
#.........'.....)........#
#.........#..............#
...........###'###....#####
.#########.......#....##..#


You could see an adder and a ball python.

Vanquished Creatures
  Sigmund (D:2)
  A necrophage (D:4)
  Jessica (D:2)
  4 gnolls (D:3)
  An adder (D:2)
  A dart slug (D:2)
  A worm (D:4)
  2 orcs (D:3)
  5 endoplasms
  2 giant cockroaches
  9 hobgoblins
  3 jackals (D:2)
  2 quokkas
  11 ball pythons
  11 bats
  3 frilled lizards
  3 goblins
  4 kobolds
  7 rats
72 creatures vanquished.

Vanquished Creatures (others)
  A ball python (D:2)
  36 plants (D:2)
37 creatures vanquished.

Grand Total: 109 creatures vanquished

Notes
Turn   | Place    | Note
-------+----------+-------------------------------------------
     0 | D:1      | dolemite99 the Demonspawn Earth Elementalist began the
                  | quest for the Orb.
     0 | D:1      | Reached XP level 1. HP: 13/13 MP: 3/3
   123 | D:1      | Reached skill level 3 in Earth Magic
   201 | D:1      | Gained mutation: You regenerate a little health from kills.
                  | [demonic ancestry]
   201 | D:1      | Reached XP level 2. HP: 19/19 MP: 3/5
  1218 | D:2      | Reached skill level 4 in Earth Magic
  1218 | D:2      | Reached XP level 3. HP: 24/24 MP: 3/6
  1246 | D:2      | Noticed Jessica
  1250 | D:2      | Killed Jessica
  1413 | D:2      | Got the Catalogue of Gliding Clay
  1445 | D:2      | Found a faded altar of an unknown god.
  1481 | D:2      | Prayed at the altar of an unknown god.
  1481 | D:2      | Became a worshipper of the Wu Jian Council
  1481 | D:2      | Reached * piety under Wu Jian
  1507 | D:2      | Gained mutation: You have a somewhat thin skeletal
                  | structure. (Dex +2, Stealth+) [demonic ancestry]
  1507 | D:2      | Reached XP level 4. HP: 25/30 MP: 1/7
  1780 | D:2      | Noticed Sigmund
  1786 | D:2      | Killed Sigmund
  1787 | D:2      | Reached skill level 5 in Earth Magic
  1787 | D:2      | Reached XP level 5. HP: 35/35 MP: 3/8
  2116 | D:2      | Learned a level 3 spell: Stone Arrow
  2893 | D:3      | Reached skill level 1 in Conjurations
  3749 | D:3      | Gained mutation: You have a moderately thin skeletal
                  | structure. (Dex +4, Stealth++) [demonic ancestry]
  3749 | D:3      | Reached XP level 6. HP: 40/41 MP: 3/9
  4475 | D:3      | Found an opulent altar of Gozag.
  4476 | D:3      | Found an ornate altar of the Wu Jian Council.
  5276 | D:4      | HP: 2/41 [adder (2)]
  5277 | D:4      | Succumbed to an adder's poison

Illustrated notes

Levels and vault maps discovered:
D:1:      lemuel_arrival_broad_hall, layout_rooms
D:2:      layout_loops_ring, serial_bayou, serial_bayou_shore_a,
          serial_bayou_pond_a, serial_bayou_lagoon_a, serial_bayou_pond_e,
          serial_bayou_crossing, serial_bayou_ford_a,
          shapermc_ecumenical_altar_venn, corexii_item_surrounded_by_moat,
          lemuel_flame_loot_1, uniq_sigmund, uniq_jessica
D:3:      layout_loops_corners, gammafunk_temple_overflow_statue, serial_glass,
          glass_columns_a, glass_columns_c
D:4:      layout_gridville, serial_shops, nicolae_shop_waterfront,
          chequers_serial_rivers_micro_e, minmay_misc_feat_columns,
          kennysheep_orc_chapel, uniq_crazy_yiuf_cottage, uniq_natasha,
          uniq_robin

Skill      XL: |  1  2  3  4  5  6 |
---------------+-------------------+-----
Earth Magic    | 3 4 5 |  5.9
Conjurations   | 1 3 |  3.1
Dodging        | |  1.7
Stealth        | |  1.7
Spellcasting   | |  2.0
Transmutations | |  0.8

Action                   |  1- 3 |  4- 6 || total
-------------------------+-------+-------++-------
Melee: Whip              |     2 |       ||     2
       Dagger            |    17 |    50 ||    67
       Spear             |       |    42 ||    42
       Punch             |       |     3 ||     3
 Cast: Sandblast         |    46 |    23 ||    69
       Stone Arrow       |       |    14 ||    14
Invok: Whirlwind         |       |     2 ||     2
       Lunge             |       |     4 ||     4
  Use: Potion            |       |     2 ||     2
 Stab: Sleeping          |       |     2 ||     2
Armor: Robe              |     8 |     4 ||    12
       Leather armour    |       |    17 ||    17
Dodge: Dodged            |    49 |    65 ||   114
